 Dungeon Crawl Stone Soup version 0.32-a0-391-gce5c0aab1b (webtiles) character file.

Game seed: 3191360987051677545

114 shadowstone the Sneak (level 4, 0/34 HPs)
             Began as a Coglin Brigand on Feb 20, 2024.
             Was a Believer of Trog.
             Slain by a goblin
             ... wielding a +0 club
             ... led by Robin
              (3 damage)
             ... on level 3 of the Dungeon.
             The game lasted 00:07:22 (1909 turns).

shadowstone the Sneak (Coglin Brigand)              Turns: 1909, Time: 00:07:23

Health: 0/34       AC:  8    Str: 11    XL:     4   Next: 97%
Magic:  4/4        EV: 10    Int: 17    God:    Trog [**....]
Gold:   95         SH:  0    Dex: 17    Spells: 3/3 levels left

rFire   . . .        a - +2 dagger {Karolin}
rCold   . . .        s - +0 dagger {Fernanda}
rNeg    . . .        h - +0 ring mail
rPois   .            u - +0 helmet
rElec   .            c - +1 cloak
rCorr   .            (no gloves)
SInv    .            (no boots)
Will    .....        (no amulet)
Stlth   ++           i - +6 ring of intelligence
HPRegen 0.25/turn    (no ring)
MPRegen 0.09/turn

%: no passive effects
@: revving, stiff-legged, very slow
A: off-hand wielding, slow wielding, warmup strikes, warmup strides
a: Renounce Religion, Berserk, Trog's Hand


You were on level 3 of the Dungeon.
You worshipped Trog.
Trog was pleased with you.
You visited 1 branch of the dungeon, and saw 3 of its levels.

You collected 95 gold pieces.

Inventory:

Hand Weapons
 a - a +2 dagger (weapon) {Karolin}
 j - a +0 war axe {Dube}
 s - a +0 dagger (worn) {Fernanda}
Missiles
 d - 6 poisoned darts (quivered)
 e - 3 curare-tipped darts
Armour
 b - a +0 robe
 c - a +1 cloak (worn)
 h - a +0 ring mail (worn)
 r - a scarf of resistance
 u - a +0 helmet (worn)
Jewellery
 i - a +6 ring of intelligence (left grasper)
 p - an amulet of the acrobat
Scrolls
 g - a scroll of identify
 k - 2 scrolls of revelation
 l - a scroll of immolation {unknown}
 n - a scroll of fear
Potions
 f - a potion of attraction {unknown}
 m - 2 potions of haste {unknown}
 o - a potion of cancellation {unknown}
 q - a potion of enlightenment
 t - a potion of might {unknown}


   Skills:
 + Level 2.4 Fighting
 + Level 2.1 Short Blades
 + Level 1.2 Axes
 + Level 2.3 Throwing
 + Level 0.2 Armour
 + Level 1.0 Dodging
 + Level 4.4 Stealth


You had 3 spell levels left.
You didn't know any spells.
Your spell library was empty.

Dungeon Overview and Level Annotations

Branches:
Dungeon (3/15)

Altars:
Trog

Annotations:
D:3 Robin


Innate Abilities, Weirdness & Mutations

You can wield a second weapon in your off-hand.
It takes a long time for you to wield or remove held weapons.
Your first few attacks do less damage.
Your first movements take longer.


Message History

You hit the hobgoblin with your +0 dagger.
You kill the hobgoblin!
Trog accepts your kill.
You kill the goblin!
Trog accepts your kill.
A hobgoblin comes into view.
The goblin barely misses you. The goblin hits you but does no damage.
The goblin hits you with a +0 dagger. The goblin barely misses you.
The goblin completely misses you. The goblin misses you.
You miss the goblin with your +0 dagger.
You hit the goblin with your +2 dagger.
You kill the goblin!
Trog accepts your kill. Robin hits you but does no damage.
The goblin barely misses you. The goblin closely misses you.
The hobgoblin no longer looks unusually strong.
The goblin misses you. Robin throws the goblin at you!
The goblin closely misses you. x2; The goblin hits you with a +0 dagger.
* * * LOW HITPOINT WARNING * * *
The goblin hits you with a +0 dagger.
* * * LOW HITPOINT WARNING * * *
The goblin barely misses you. x2
Things that are here:
a +0 club; a goblin corpse You barely miss the goblin with your +0 dagger.
You hit the goblin with your +2 dagger.
The hobgoblin no longer looks unusually strong.
The goblin barely misses you. The goblin hits you but does no damage.
The goblin barely misses you. The goblin hits you with a +0 club.
* * * LOW HITPOINT WARNING * * *
You hit the goblin with your +0 dagger.
You kill the goblin!
Trog accepts your kill.
You can now call upon Trog for regeneration and willpower.
The goblin no longer looks unusually strong.
The hobgoblin barely misses you. The goblin hits you but does no damage.
Robin hits you with a +0 short sword.
* * * LOW HITPOINT WARNING * * *
The goblin hits you but does no damage. The goblin hits you with a +0 club.
You die...

*****####..........* *,
*,,,..............#* #.
*,,,........?....(# #######.
*,,,........(.....###.......
****#...#...).......#..<....
*,#...........#.........
#.##...g†)....##........
#.....ggg..)..##........
#####.g@gB...####.......
#...g....# #.......
##....#.## #....... #.#....#
#....... #.#....## ###.####
#.#.....#####..#...
###...#...##..[..##
############.....#.#...####
#.........##...#.#...#.#


You could see Robin, a giant cockroach, 2 hobgoblins and 4 goblins.

Vanquished Creatures
  2 adders (D:2)
  2 ribbon worms (D:2)
  4 bats
  4 endoplasms (D:1)
  A giant cockroach (D:3)
  6 goblins
  6 hobgoblins
  5 quokkas
  3 ball pythons
  5 frilled lizards
  8 kobolds
  8 rats
54 creatures vanquished.

Notes
Turn   | Place    | Note
-------+----------+-------------------------------------------
     0 | D:1      | shadowstone the Coglin Brigand began the quest for the Orb.
     0 | D:1      | Reached XP level 1. HP: 16/16 MP: 1/1
   338 | D:1      | Reached XP level 2. HP: 22/22 MP: 2/2
   558 | D:1      | Reached skill level 4 in Stealth
   558 | D:1      | Reached XP level 3. HP: 23/27 MP: 3/3
   950 | D:2      | Reached skill level 1 in Dodging
  1030 | D:2      | Reached XP level 4. HP: 33/33 MP: 4/4
  1370 | D:2      | Found a faded altar of an unknown god.
  1388 | D:2      | Prayed at the altar of an unknown god.
  1388 | D:2      | Became a worshipper of Trog the Wrathful
  1388 | D:2      | Reached * piety under Trog
  1661 | D:3      | Reached skill level 1 in Axes
  1895 | D:3      | Noticed Robin
  1909 | D:3      | Reached ** piety under Trog
  1909 | D:3      | Slain by a goblin

Illustrated notes

Levels and vault maps discovered:
D:1:      eino_arrival_cavern_e, layout_basic, minmay_door_square
D:2:      layout_loops_ring, shapermc_ecumenical_altar_flowoftime
D:3:      layout_rooms, gup_sewer_entry_bubbles, kennysheep_generic_room_13,
          uniq_robin

Skill      XL: |  1  2  3  4 |
---------------+-------------+-----
Stealth        | 4 |  4.4
Throwing       | 2 |  2.3
Dodging        | 1 |  1.0
Short Blades   | 2 |  2.1
Axes           | 1 |  1.2
Fighting       | |  2.4
Armour         | |  0.2

Action                     |  1- 3 |  4- 6 || total
---------------------------+-------+-------++-------
  Melee: Dagger            |    42 |    98 ||   140
         War axe           |    20 |    39 ||    59
  Throw: Dart              |    17 |    16 ||    33
    Use: Scroll            |       |     5 ||     5
   Stab: Sleeping          |     5 |     4 ||     9
 Armour: Robe              |     9 |       ||     9
         Ring mail         |    32 |    66 ||    98
  Dodge: Dodged            |    34 |    66 ||   100

Table legend: (Time is in decaauts)
 A = Elapsed time spent in this place.
 B = Non-inter-level travel time spent in this place.
 C = Inter-level travel time spent in this place.
 D = Time resting spent in this place.
 E = Time spent auto-exploring this place.
 F = Levels seen in this place.
 G = Mean time per level.
                   A        B        C        D        E       F      G
               +--------+--------+--------+--------+--------+-----+--------+
         Total |   2036 |   1949 |     87 |      0 |    874 |   3 |  678.7 |
       Dungeon |   2036 |   1949 |     87 |      0 |    874 |   3 |  678.7 |
               +--------+--------+--------+--------+--------+-----+--------+

Top non-repeatable levels by time:
     D:1: 905 daAuts
     D:2: 854 daAuts
     D:3: 276 daAuts
